General information
- name: BNet
- type: Ladder team game (AT/RT)
- host: Battle.net
- saver: BEAR_AND
map: Highperch
- players: 6
- length: 38:39
- speed: Fast
- version: 1.21 W3XP
- replay type:

» download(282 KB)
Players
team 1 (loser)

»
Holy.Redemption (
orange | 41 APM | 1577 actions | 38:37)
4 Pandaren Brewmaster
2 Breath of Fire
2 Drunken Brawler
2 Pit Lord
1 Rain of Fire
1 Cleaving Attack
» actions
| Assign group hotkey | 29 | |
| Basic commands | 94 | |
| Build / train | 74 | |
| ESC pressed | 2 | |
| Enter build submenu | 26 | |
| Enter hero's abilities submenu | 6 | |
| Remove unit from queue | 1 | |
| Right click | 655 | |
| Select / deselect | 357 | |
| Select group hotkey | 201 | |
| Use ability | 132 | |
1577 total
» units
| Wisp | 16 | |
| Huntress | 2 | |
| Glaive Thrower | 7 | |
| Hippogryph | 10 | |
| Archer | 12 | |
| Harpy Rogue | 2 | |
| Harpy Windwitch | 2 | |
51 total
» upgrades
| Strength of the Moon | 3 | |
| Hippogryph Taming | 1 | |
| Improved Bows | 1 | |
| Moon Armor | 2 | |
| Marksmanship | 1 | |
| Well Spring | 1 | |
| Upgrade Moon Glaive | 1 | |
10 total
» buildings
| Altar of Elders | 1 | |
| Ancient of War | 3 | |
| Hunter's Hall | 1 | |
| Moon Well | 6 | |
| Ancient Protector | 3 | |
| Tree of Ages | 1 | |
| Ancient of Wind | 3 | |
| Tree of Eternity | 1 | |
| Tree of Life | 2 | |
21 total
» build order
00:40 Altar of Elders
00:45 Ancient of War
01:12 Hunter's Hall
01:30 Moon Well
02:06 Moon Well
02:51 Ancient Protector
03:31 Moon Well
05:14 Tree of Ages
06:44 Ancient Protector
06:47 Ancient Protector
07:52 Ancient of Wind
08:00 Moon Well
08:10 Ancient of Wind
08:30 Ancient of Wind
08:55 Moon Well
13:31 Tree of Eternity
14:07 Moon Well
20:15 Tree of Life
21:12 Tree of Life
21:14 Ancient of War
21:24 Ancient of War
» items
XieXie_U (
blue | 93 APM | 3581 actions | 38:28)
4 Death Knight
2 Death Coil
2 Unholy Aura
» actions
| Assign group hotkey | 42 | |
| Basic commands | 439 | |
| Build / train | 54 | |
| Enter build submenu | 27 | |
| Enter hero's abilities submenu | 4 | |
| Remove unit from queue | 2 | |
| Right click | 1093 | |
| Select / deselect | 481 | |
| Select group hotkey | 1327 | |
| Use ability | 112 | |
3581 total
» units
| Acolyte | 9 | |
| Ghoul | 2 | |
| Crypt Fiend | 12 | |
| Meatwagon | 4 | |
| Obsidian Statue | 3 | |
| Frost Wyrm | 5 | |
35 total
» upgrades
| Web | 1 | |
| Creature Carapace | 2 | |
| Creature Attack | 1 | |
| Freezing Breath | 1 | |
5 total
» buildings
| Crypt | 1 | |
| Graveyard | 1 | |
| Ziggurat | 9 | |
| Altar of Darkness | 1 | |
| Tomb of Relics | 1 | |
| Halls of the Dead | 1 | |
| Slaughterhouse | 2 | |
| Black Citadel | 1 | |
| Sacrificial Pit | 1 | |
| Boneyard | 2 | |
| Nerubian Tower | 1 | |
21 total
» build order
00:23 Crypt
00:37 Graveyard
00:47 Ziggurat
01:05 Altar of Darkness
01:30 Ziggurat
01:56 Tomb of Relics
02:52 Halls of the Dead
05:20 Slaughterhouse
05:27 Ziggurat
05:38 Ziggurat
05:40 Slaughterhouse
08:54 Ziggurat
10:44 Black Citadel
13:44 Sacrificial Pit
16:27 Ziggurat
16:51 Boneyard
16:54 Boneyard
19:08 Ziggurat
19:10 Ziggurat
20:10 Ziggurat
21:30 Nerubian Tower
» items
| Dust of Appearance | 1 | |
| Rod of Necromancy | 1 | |
2 total
Yong007 (
purple | 88 APM | 3383 actions | 38:26)
4 Blademaster
2 Wind Walk
2 Critical Strike
3 Shadow Hunter
2 Hex
1 Healing Wave
» actions
| Assign group hotkey | 44 | |
| Basic commands | 19 | |
| Build / train | 74 | |
| Enter build submenu | 17 | |
| Enter hero's abilities submenu | 7 | |
| Give item / drop item | 1 | |
| Remove unit from queue | 2 | |
| Right click | 2128 | |
| Select / deselect | 494 | |
| Select group hotkey | 458 | |
| Use ability | 139 | |
3383 total
» units
| Peon | 8 | |
| Grunt | 4 | |
| Troll Witch Doctor | 5 | |
| Razormane Medicine Man | 1 | |
| Raider | 12 | |
| Wind Rider | 1 | |
| Troll Batrider | 6 | |
37 total
» upgrades
| Melee Weapons | 2 | |
| Berserker Strength | 1 | |
| Pillage | 1 | |
| Witch Doctor Training | 1 | |
| Ensnare | 1 | |
| Armor | 1 | |
| Ranged Weapons | 2 | |
9 total
» buildings
| Altar of Storms | 1 | |
| Orc Burrow | 8 | |
| Voodoo Lounge | 2 | |
| Barracks | 1 | |
| Stronghold | 1 | |
| War Mill | 1 | |
| Spirit Lodge | 1 | |
| Beastiary | 2 | |
| Fortress | 1 | |
18 total
» build order
00:07 Altar of Storms
00:17 Orc Burrow
00:53 Voodoo Lounge
01:33 Barracks
01:50 Orc Burrow
04:08 Orc Burrow
04:38 Stronghold
05:24 War Mill
07:08 Spirit Lodge
07:37 Beastiary
08:58 Orc Burrow
11:46 Orc Burrow
15:16 Voodoo Lounge
15:26 Orc Burrow
16:34 Beastiary
17:46 Orc Burrow
18:56 Orc Burrow
19:26 Fortress
» items
| Healing Salve | 3 | |
| Lesser Clarity Potion | 6 | |
| Scroll of Speed | 3 | |
| Scroll of Town Portal | 1 | |
| Potion of Mana | 1 | |
| Staff of Teleportation | 1 | |
15 total
team 2 (winner)
BEAR_AND (
pink | 84 APM | 3264 actions | 38:39)
5 Blademaster
3 Wind Walk
2 Critical Strike
» actions
| Assign group hotkey | 7 | |
| Basic commands | 6 | |
| Build / train | 70 | |
| ESC pressed | 1 | |
| Enter build submenu | 65 | |
| Enter hero's abilities submenu | 5 | |
| Give item / drop item | 2 | |
| Remove unit from queue | 1 | |
| Right click | 2179 | |
| Select / deselect | 320 | |
| Select group hotkey | 437 | |
| Use ability | 170 | |
3264 total
» units
» upgrades
| Spiked Barricades | 1 | |
| Ranged Weapons | 3 | |
| Liquid Fire | 1 | |
| Armor | 1 | |
| Reinforced Defenses | 1 | |
7 total
» buildings
| Altar of Storms | 1 | |
| War Mill | 1 | |
| Orc Burrow | 4 | |
| Watch Tower | 48 | |
| Voodoo Lounge | 2 | |
| Stronghold | 1 | |
| Beastiary | 2 | |
| Fortress | 1 | |
60 total
» build order
00:07 Altar of Storms
00:11 War Mill
00:27 Orc Burrow
01:38 Watch Tower
01:40 Watch Tower
01:46 Watch Tower
02:16 Watch Tower
02:42 Watch Tower
02:47 Voodoo Lounge
02:51 Watch Tower
03:31 Stronghold
03:44 Watch Tower
03:47 Watch Tower
04:20 Watch Tower
04:40 Watch Tower
04:42 Watch Tower
04:53 Watch Tower
05:16 Watch Tower
05:30 Watch Tower
05:44 Watch Tower
06:34 Beastiary
06:41 Beastiary
06:53 Watch Tower
07:16 Watch Tower
07:39 Watch Tower
07:51 Orc Burrow
07:55 Orc Burrow
09:13 Fortress
10:00 Watch Tower
10:10 Watch Tower
10:11 Watch Tower
10:34 Watch Tower
10:40 Orc Burrow
11:11 Watch Tower
11:17 Watch Tower
11:20 Watch Tower
11:30 Watch Tower
11:38 Watch Tower
11:50 Watch Tower
11:54 Watch Tower
12:44 Watch Tower
12:53 Watch Tower
13:22 Watch Tower
13:31 Voodoo Lounge
13:53 Watch Tower
14:56 Watch Tower
15:05 Watch Tower
16:45 Watch Tower
17:30 Watch Tower
17:37 Watch Tower
17:51 Watch Tower
17:52 Watch Tower
18:00 Watch Tower
18:33 Watch Tower
26:31 Watch Tower
28:13 Watch Tower
30:14 Watch Tower
30:17 Watch Tower
30:18 Watch Tower
30:19 Watch Tower
» items
| Healing Salve | 3 | |
| Lesser Clarity Potion | 9 | |
| Boots of Speed | 1 | |
| Staff of Teleportation | 1 | |
| Orb of Lightning | 1 | |
| Scroll of Town Portal | 1 | |
16 total
iggy_the_fisk (
yellow | 133 APM | 5149 actions | 38:38)
4 Archmage
2 Blizzard
2 Brilliance Aura
3 Blood Mage
2 Flame Strike
1 Banish
3 Pit Lord
2 Rain of Fire
1 Cleaving Attack
» actions
| Assign group hotkey | 193 | |
| Basic commands | 30 | |
| Build / train | 127 | |
| Enter build submenu | 72 | |
| Enter hero's abilities submenu | 11 | |
| Give item / drop item | 2 | |
| Right click | 2180 | |
| Select / deselect | 444 | |
| Select group hotkey | 1859 | |
| Use ability | 230 | |
5149 total
» units
| Peasant | 25 | |
| Dragonhawk Rider | 8 | |
33 total
» upgrades
| Masonry | 3 | |
| Lumber Harvesting | 2 | |
| Magic Sentry | 1 | |
| Swords | 3 | |
| Armor | 3 | |
| Animal War Training | 1 | |
| Cloud | 1 | |
14 total
» buildings
| Altar of Kings | 1 | |
| Lumber Mill | 1 | |
| Farm | 5 | |
| Scout Tower | 56 | |
| Arcane Tower | 7 | |
| Guard Tower | 34 | |
| Arcane Vault | 2 | |
| Keep | 4 | |
| Arcane Sanctum | 1 | |
| Town Hall | 1 | |
| Castle | 1 | |
| Gryphon Aviary | 1 | |
| Blacksmith | 1 | |
| Barracks | 1 | |
116 total
» build order
00:03 Altar of Kings
00:19 Lumber Mill
00:27 Farm
01:00 Farm
01:37 Scout Tower
02:01 Scout Tower
02:04 Arcane Tower
02:05 Scout Tower
02:14 Scout Tower
02:32 Guard Tower
02:33 Guard Tower
02:34 Scout Tower
02:37 Scout Tower
02:43 Arcane Tower
02:44 Scout Tower
02:46 Scout Tower
03:17 Guard Tower
03:18 Scout Tower
03:21 Scout Tower
03:23 Arcane Tower
03:23 Guard Tower
03:25 Scout Tower
03:27 Scout Tower
03:44 Guard Tower
03:47 Scout Tower
03:50 Arcane Tower
03:52 Scout Tower
03:56 Arcane Vault
03:59 Guard Tower
03:59 Guard Tower
04:05 Guard Tower
04:05 Guard Tower
04:09 Scout Tower
04:49 Arcane Tower
04:50 Arcane Tower
04:56 Guard Tower
05:17 Arcane Vault
05:25 Keep
05:26 Keep
05:26 Keep
05:38 Scout Tower
05:40 Guard Tower
05:43 Scout Tower
06:02 Scout Tower
06:16 Guard Tower
06:19 Scout Tower
07:18 Guard Tower
07:22 Scout Tower
07:23 Scout Tower
07:26 Guard Tower
07:32 Scout Tower
07:33 Scout Tower
07:39 Scout Tower
07:47 Arcane Sanctum
08:09 Farm
08:47 Guard Tower
08:49 Guard Tower
08:58 Town Hall
09:09 Scout Tower
09:45 Scout Tower
10:10 Scout Tower
10:14 Arcane Tower
10:15 Scout Tower
10:46 Guard Tower
11:34 Scout Tower
11:37 Scout Tower
11:39 Scout Tower
11:51 Castle
12:12 Guard Tower
12:13 Scout Tower
12:27 Guard Tower
12:28 Scout Tower
12:37 Scout Tower
12:38 Scout Tower
12:40 Scout Tower
12:41 Guard Tower
12:42 Scout Tower
12:48 Guard Tower
13:15 Guard Tower
13:17 Scout Tower
13:23 Scout Tower
13:26 Scout Tower
13:30 Scout Tower
13:32 Scout Tower
13:34 Scout Tower
13:46 Farm
13:51 Guard Tower
14:09 Guard Tower
15:16 Scout Tower
15:19 Scout Tower
15:21 Scout Tower
15:22 Scout Tower
15:25 Scout Tower
15:55 Scout Tower
16:15 Guard Tower
16:25 Guard Tower
16:28 Scout Tower
16:36 Scout Tower
17:13 Guard Tower
17:15 Scout Tower
17:35 Scout Tower
17:45 Gryphon Aviary
17:46 Blacksmith
17:47 Barracks
17:52 Guard Tower
17:54 Scout Tower
18:09 Guard Tower
18:10 Scout Tower
18:31 Guard Tower
18:32 Scout Tower
19:04 Guard Tower
20:53 Farm
27:24 Guard Tower
» items
| Lesser Clarity Potion | 1 | |
| Potion of Healing | 1 | |
| Scroll of Regeneration | 3 | |
| Staff of Sanctuary | 3 | |
| Scroll of Town Portal | 2 | |
| Orb of Lightning | 2 | |
| Orb of Venom | 1 | |
| Staff of Teleportation | 2 | |
15 total
TIMG4STRok (
green | 92 APM | 3560 actions | 38:38)
4 Warden
2 Shadow Strike
2 Blink
3 Pandaren Brewmaster
2 Breath of Fire
1 Drunken Haze
» actions
| Assign group hotkey | 11 | |
| Basic commands | 41 | |
| Build / train | 87 | |
| Enter build submenu | 19 | |
| Enter hero's abilities submenu | 7 | |
| Give item / drop item | 7 | |
| Right click | 2174 | |
| Select / deselect | 177 | |
| Select group hotkey | 746 | |
| Use ability | 291 | |
3560 total
» units
| Wisp | 27 | |
| Druid of the Talon | 9 | |
| Chimaera | 3 | |
39 total
» upgrades
| Nature's Blessing | 1 | |
| Druid of the Talon Training | 2 | |
| Ultravision | 1 | |
| Well Spring | 1 | |
| Strength of the Wild | 3 | |
| Reinforced Hides | 3 | |
| Mark of the Talon | 1 | |
| Corrosive Breath | 1 | |
13 total
» buildings
| Altar of Elders | 1 | |
| Moon Well | 8 | |
| Tree of Ages | 1 | |
| Ancient of Wonders | 1 | |
| Hunter's Hall | 1 | |
| Tree of Life | 1 | |
| Ancient of Wind | 1 | |
| Tree of Eternity | 1 | |
| Chimaera Roost | 6 | |
21 total
» build order
00:04 Altar of Elders
00:20 Moon Well
01:15 Moon Well
03:43 Moon Well
03:46 Moon Well
04:10 Tree of Ages
05:03 Moon Well
05:15 Moon Well
06:52 Ancient of Wonders
06:54 Hunter's Hall
07:37 Tree of Life
08:10 Ancient of Wind
14:11 Tree of Eternity
21:17 Moon Well
21:18 Moon Well
36:30 Chimaera Roost
36:31 Chimaera Roost
36:31 Chimaera Roost
36:32 Chimaera Roost
36:33 Chimaera Roost
36:34 Chimaera Roost
» items
| Staff of Teleportation | 2 | |
| Boots of Speed | 2 | |
| Dust of Appearance | 1 | |
| Lesser Clarity Potion | 2 | |
| Potion of Healing | 4 | |
| Potion of Mana | 2 | |
| Scroll of Regeneration | 5 | |
| Staff of Preservation | 2 | |
| Orb of Lightning | 1 | |
| Orb of Venom | 1 | |
| Staff of Sanctuary | 1 | |
23 total
Chat log
(00:10 / All) iggy_the_fisk: jemasu jong?
(00:11 / All) iggy_the_fisk: rely?
(00:12 / All) TIMG4STRok: WELCOME to my HOMPY bitch
(00:37 / All) iggy_the_fisk: plz i needu talku jemasu yong
(02:49 / All) iggy_the_fisk: noe
(06:24 / All) BEAR_AND: tp
(06:26 / All) BEAR_AND: lmfao
(22:55 / All) BEAR_AND: lmao
(23:30 / All) TIMG4STRok: NOOBS!
(24:16 / All) Yong007: pussy
(24:19 / All) BEAR_AND: leave
(24:26 / All) iggy_the_fisk: Leave this game
(24:26 / All) Yong007: get ur time worth
(24:29 / All) iggy_the_fisk: run home to mother lol
(25:18 / All) Yong007: lets quit?
(25:21 / All) BEAR_AND: yep
(25:22 / All) BEAR_AND: bye
(25:49 / All) iggy_the_fisk: quit bye leave
(26:06 / All) iggy_the_fisk: BYE
(26:08 / All) BEAR_AND: ty for freer win
(26:13 / All) TIMG4STRok: Tybvm
(26:30 / All) Yong007: np well earned 30mins win
(26:37 / All) BEAR_AND: 30min is nothing,
(26:37 / All) TIMG4STRok: np well earned 30mins loss
(26:43 / All) iggy_the_fisk: stay longer
(26:44 / All) TIMG4STRok: roflflflfl
(26:45 / All) iggy_the_fisk: Make it 50 minute loss
(26:52 / Allies) BEAR_AND: maybe make it an hour or two
(26:57 / All) BEAR_AND: maybe make it an hour or two
(27:01 / All) iggy_the_fisk: it would please us greatly to the utmost...
(27:18 / All) iggy_the_fisk: fulfill the grail of happiness that is our warcraft? :)
(27:47 / All) iggy_the_fisk: DAMN
(27:54 / All) iggy_the_fisk: you killednohing
(27:57 / All) iggy_the_fisk: what are you doeng
(28:30 / All) iggy_the_fisk: nope
(28:32 / All) BEAR_AND: Sorry
(28:40 / All) Holy.Redemption: Your half of the map is so colorful. <3
(28:51 / All) BEAR_AND: Your half of the map is so noob. <3
(29:06 / All) Holy.Redemption: Your stats are so newb too :)
(29:10 / All) Holy.Redemption: Makes me giggle inside.
(29:13 / All) iggy_the_fisk: yes
(29:15 / All) BEAR_AND: You lose, Farewell
(29:15 / All) iggy_the_fisk: that is whY
(29:17 / All) iggy_the_fisk: we thank u
(29:18 / All) iggy_the_fisk: for this win
(29:22 / All) BEAR_AND: - Administration, http://highper.ch/
(29:24 / All) iggy_the_fisk: we do not wina gainst many player...
(29:25 / All) Holy.Redemption: You're welcome. You sure do need it.
(29:29 / All) BEAR_AND: T-Shirts
(29:30 / All) TIMG4STRok: how could 1 person be so bad... thta the QUESTion i impose upon u holy.redemptiopn
(29:33 / All) Holy.Redemption: Every time I play with you I'll lose on purpose.
(29:33 / All) BEAR_AND: Custom Shirt Design
(29:36 / All) BEAR_AND: Threadless
(29:40 / All) BEAR_AND: Graphic Design
(29:46 / All) BEAR_AND: Custom Design Webdesign
(29:47 / All) Holy.Redemption: I don't know. How could one person be that bad, Green?
(29:52 / All) BEAR_AND: Free Ipods
(29:54 / All) iggy_the_fisk: big balls slapped to great walls (of china)
(29:54 / All) BEAR_AND: Free Xbox
(30:01 / All) BEAR_AND: free Macbook Air
(30:11 / All) TIMG4STRok: i don't know i ask myself every day...how could holy.redemption exist on battle.net....truely a testament to all that is non sk
(30:26 / All) TIMG4STRok: non skill...
(30:40 / All) Holy.Redemption: Yeah. Then I do a self-reflection and realize the reason he exists is to laugh at your unintelligent souls.
(30:56 / All) TIMG4STRok: Stuck like a pig
(31:22 / All) BEAR_AND: what u do when moonwell run out?
(31:26 / All) BEAR_AND: go and die
(31:30 / All) TIMG4STRok: cry WAAAAAAH
(31:36 / All) Holy.Redemption: Um it runs out?
(31:49 / All) Holy.Redemption: What do you do when your mom tells you to get off the computer and get a job?
(31:55 / All) Holy.Redemption: That's right... you go back to the basement.
(31:58 / All) TIMG4STRok: i tell her to suck on my cock..
(32:01 / All) Holy.Redemption: I'm sorry. I didn't mean to offend you.
(32:02 / All) BEAR_AND: i don't know i haven't seen my mother in 3 years?
(32:10 / All) Holy.Redemption: I'll tell her you said hello.
(32:11 / All) TIMG4STRok: sorry if you dont got the balls to stand up to a stupid WOMEN
(32:13 / All) BEAR_AND: Thank
(32:23 / All) BEAR_AND: listen u can spend as long as you want in this game
(32:30 / All) Holy.Redemption: I plan to.
(32:32 / All) BEAR_AND: but if you paypal me $3 (one for each of us) we all quit
(32:33 / All) Holy.Redemption: I'm playing another game too.
(32:34 / All) TIMG4STRok: i cordially invite u to..
(32:35 / All) Holy.Redemption: So, it's fine.
(32:36 / All) BEAR_AND: kerr.tyler@gmail.com
(32:43 / All) iggy_the_fisk: poor liar poor player
(32:44 / All) TIMG4STRok: }are you losing in that game too LOL
(32:47 / All) iggy_the_fisk: typical noob trash imo..
(32:49 / All) Holy.Redemption: No, I plan to spend as much time in this game as I possibly can.
(32:56 / All) BEAR_AND: how much time would you spend max?
(32:57 / All) Holy.Redemption: Actually I am :)
(32:57 / All) iggy_the_fisk: great noob power of holy redemption
(32:58 / All) BEAR_AND: 4 hours?
(32:59 / All) Holy.Redemption: And it's very funny.
(33:00 / All) BEAR_AND: 6 hours?
(33:02 / All) Holy.Redemption: Thanks.
(33:02 / All) iggy_the_fisk: can lose three times the games of normal man
(33:08 / All) Holy.Redemption: At least I have power over something.
(33:13 / All) TIMG4STRok: hey, look at me, i punctuate and capitalize and use correct grammar, on the internet
(33:15 / All) BEAR_AND: yea grasping lmfao
(33:28 / All) Holy.Redemption: Yeah. Most people like you, Green, don't know how.
(33:33 / All) Holy.Redemption: And I really pitty people like you.
(33:36 / All) BEAR_AND: PITTY
(33:37 / All) BEAR_AND: lmfao
(33:40 / All) TIMG4STRok: nope most people don't give a shit because it's a game, not an english essay
(33:41 / All) Holy.Redemption: It's
(33:42 / All) BEAR_AND: go back to school
(33:43 / All) Holy.Redemption: Yup
(33:44 / All) Holy.Redemption: Pitty
(33:48 / All) BEAR_AND: pitty is not a word
(33:50 / All) Holy.Redemption: I will after summer is over. :)
(34:01 / All) Holy.Redemption: It isnt'?
(34:03 / All) BEAR_AND: nope
(34:04 / All) Holy.Redemption: That's too bad.
(34:08 / All) BEAR_AND: perhaps you are thinking of "pity"
(34:08 / All) iggy_the_fisk: ujust a noob
(34:09 / All) BEAR_AND: retard
(34:12 / All) BEAR_AND: retard noob
(34:13 / All) TIMG4STRok: LMFAO!
(34:19 / All) Holy.Redemption: Nah
(34:19 / All) TIMG4STRok: this guy, think he smart but he isn't
(34:21 / All) Holy.Redemption: Actually
(34:22 / All) iggy_the_fisk: Sweet batting
(34:24 / All) Holy.Redemption: If you want to get technical
(34:33 / All) Holy.Redemption: Pitt is in fruits.
(34:41 / All) Holy.Redemption: Pitty would be slang for a fruity individual.
(34:41 / All) BEAR_AND: nope
(34:44 / All) Holy.Redemption: So, therefore, it is a word.
(34:45 / All) BEAR_AND: also, it ain't a verb
(34:55 / All) Holy.Redemption: Ain't isn't a word either.
(34:56 / All) Holy.Redemption: So
(35:02 / All) BEAR_AND: ain't is colloquial contraction......owned
(35:02 / All) Holy.Redemption: Easily?
(35:09 / All) iggy_the_fisk: loses game, tries to save face with 1000 words
(35:17 / All) iggy_the_fisk: types wrong word, tries to save face with more words
(35:22 / All) Holy.Redemption: Yeah
(35:24 / All) TIMG4STRok: retard
(35:27 / All) Holy.Redemption: Hmmmmm
(35:28 / All) TIMG4STRok: fruit has a pit
(35:30 / All) BEAR_AND: "pitt" is not what is in a fruit
(35:31 / All) TIMG4STRok: not a pitt
(35:31 / All) BEAR_AND: that is pit
(35:32 / All) BEAR_AND: lmfao
(35:33 / All) Holy.Redemption: So it takes 3 people to bash me.
(35:38 / All) BEAR_AND: keep backpedaling
(35:40 / All) Holy.Redemption: It's hilarious how much effort you all are taking
(35:44 / All) Holy.Redemption: to try and catch me up.
(35:45 / All) TIMG4STRok: with my dick
(35:52 / All) Holy.Redemption: If I could find it
(35:54 / All) Holy.Redemption: I would.
(35:57 / All) Holy.Redemption: It's not there.
(35:58 / All) Holy.Redemption: OH WAIT
(36:00 / All) Holy.Redemption: There it is.
(36:03 / All) TIMG4STRok: heres a hint its in your mother ROFLFLFL!
(36:06 / All) Holy.Redemption: Found it. It was under the microscope the whole time.
(36:10 / All) BEAR_AND: u like 4chan?
(36:13 / All) BEAR_AND: or wcreplay?
(36:17 / All) BEAR_AND: what websites you go to
(36:42 / All) BEAR_AND: nope not going to happen
(36:49 / All) iggy_the_fisk: fatnoobs
(38:01 / All) BEAR_AND: run noob blue...
(38:17 / All) BEAR_AND: LMAO
(38:18 / All) iggy_the_fisk: sweet tp
(38:21 / All) Yong007: gg well earned =)
(38:22 / All) BEAR_AND: where u go
(38:25 / All) iggy_the_fisk: Best tp i ever saw
(38:25 / All) BEAR_AND: nowhere
(38:36 / All) Holy.Redemption: I pitty you all. I really do.